 Dungeon Crawl Stone Soup version 0.29-a0-119-g4040846114 (webtiles) character file.

Game seed: 6897166646092410591

0 cyrus the Caller (level 1, 0/14 HPs)
             Began as a Demigod Summoner on Feb 20, 2022.
             Slain by a jackal (2 damage)
             ... on level 1 of the Dungeon.
             The game lasted 00:00:17 (66 turns).

cyrus the Caller (Demigod Summoner)                   Turns: 66, Time: 00:00:18

Health: 0/14       AC:  2    Str:  9    XL:     1   Next: 6%
Magic:  5/5        EV: 12    Int: 17    God:
Gold:   0          SH:  0    Dex: 14    Spells: 2/3 levels left

rFire   . . .      SeeInvis .   (no weapon)
rCold   . . .      Faith    .   (no shield)
rNeg    . . .      Spirit   .   a - +0 robe
rPois   .          Reflect  .   (no helmet)
rElec   .          Harm     .   (no cloak)
rCorr   .          Rampage  .   (no gloves)
Will    .....                   (no boots)
Stlth   ++........              (no amulet)
HPRegen 0.04/turn               (no ring)
MPRegen 0.09/turn               (no ring)

@: no status effects
A: high MP 1, forlorn, divine attributes
a: no special abilities


You were on level 1 of the Dungeon.
You visited 1 branch of the dungeon, and saw 1 of its levels.

Inventory:

Armour
 a - a +0 robe (worn)


   Skills:
 + Level 1.7 Dodging
 + Level 1.7 Stealth
 + Level 0.1 Unarmed Combat
 + Level 1.7 Spellcasting
 + Level 3.6 Summonings


You had 2 spell levels left.
You knew the following spells:

 Your Spells              Type           Power      Damage    Failure   Level
a - Summon Small Mammal   Summ           52%        N/A       4%          1

Your spell library contained the following spells:

 Spells                   Type           Power      Damage    Failure   Level
 Call Imp                 Summ           13%        N/A       7%          2
 Call Canine Familiar     Summ           13%        N/A       14%         3
 Summon Guardian Golem    Hex/Summ       7%         N/A       28%         3
 Summon Lightning Spire   Summ/Air       7%         N/A       67%         4


Dungeon Overview and Level Annotations

Branches:
Dungeon (1/15)


Innate Abilities, Weirdness & Mutations

You have an increased reservoir of magic. (+10% MP)
You shall have no god before yourself.
Your divine heritage dramatically boosts your attributes as you level up.


Message History

The rat is severely wounded.
The rat misses you.
You hit the rat but do no damage.
The rat is severely wounded.
The rat closely misses you.
You hit the rat but do no damage.
The rat is severely wounded.
The rat closely misses you.
You hit the rat.
You kill the rat!
You see here a rat corpse.
A goblin comes into view. It is wielding a +0 dagger.
The goblin shouts!
The goblin closely misses you.
A goblin is nearby!
The goblin barely misses you. The goblin hits you with a +0 dagger.
The goblin misses you. The goblin hits you with a +0 dagger.
Sorry, you're not good enough to have a special ability.
Found 10 gold pieces.
A goblin is nearby!
The goblin hits you with a +0 dagger.
A bat comes into view.
The goblin completely misses you.
A jackal comes into view.
A jackal comes into view.
Found a robe.
The jackal barks! x2
The jackal bites you but does no damage.
A giant cockroach comes into view.
The jackal bites you.
* * * LOW HITPOINT WARNING * * *
A hobgoblin comes into view.
The goblin misses you.
The jackal bites you but does no damage.
The bat hits you.
* * * LOW HITPOINT WARNING * * *
The jackal bites you.
You die...

#...... ######
#...... #....#
#...... #....#
#...... #....#
#......
#....###########.#
#.............#...
#gh..#....###.....
#@bhB####....##...
#...[# ####.##...
#...g...# #......
#.......# .......
#####.... b###...
.... ## #... ...
#... ..


You could see 2 jackals, a giant cockroach (wandering), a hobgoblin, a goblin
and a bat.

Vanquished Creatures
  A rat (D:1)
1 creature vanquished.

Notes
Turn   | Place    | Note
-------+----------+-------------------------------------------
     0 | D:1      | cyrus the Demigod Summoner began the quest for the Orb.
     0 | D:1      | Reached XP level 1. HP: 14/14 MP: 5/5
    66 | D:1      | Slain by a jackal

Illustrated notes

Levels and vault maps discovered:
D:1:      mrwooster_arrival_statue, layout_rooms

Action                   || total
-------------------------++-------
Melee: Unarmed           ||    14
       Punch             ||     1
Armor: Robe              ||     3
Dodge: Dodged            ||    14

Table legend: (Time is in decaauts)
 A = Elapsed time spent in this place.
 B = Non-inter-level travel time spent in this place.
 C = Inter-level travel time spent in this place.
 D = Time resting spent in this place.
 E = Time spent auto-exploring this place.
 F = Levels seen in this place.
 G = Mean time per level.
                   A        B        C        D        E       F      G
               +--------+--------+--------+--------+--------+-----+--------+
         Total |     66 |     66 |      0 |      0 |      7 |   1 |   66.0 |
       Dungeon |     66 |     66 |      0 |      0 |      7 |   1 |   66.0 |
               +--------+--------+--------+--------+--------+-----+--------+

Top non-repeatable levels by time:
     D:1: 66 daAuts
